Map: Site Delta LE

Players

Mixu - Winner!

  • Race: Zerg Zerg
  • League: Grandmaster
  • Spawn Location: 11:00

HolyHit

  • Race: Protoss Protoss
  • Spawn Location: 5:00

Event: HomeStory Cup XXV

VOD

Have the link to the VOD?

Description

Time

  • Played on: June 22, 2024, 3:12 p.m.
  • Length: 9:16

All games in this series

Show
View Real Time Build Order
Export as new Build Order

Mixu Zerg - Winner!

Build Orders: Hatch First 

Get SALT Encoding   

  12  0:00  Drone  
  13  0:12  Overlord  
  13  0:16  Drone  
  14  0:30  Drone x2  
  16  0:48  Hatchery  
  15  0:51  Drone  
  15  0:55  Drone  
  17  0:59  Drone  
  18  1:10  Extractor  
  17  1:13  Spawning Pool  
  17  1:16  Drone  
  17  1:20  Drone  
  18  1:29  Drone  
  19  1:38  Drone  
  20  1:50  Overlord  
  20  1:59  Queen  
  20  2:00  Queen  
  20  2:01  Zergling x4  
  26  2:12  Drone x2  
  26  2:13  Metabolic Boost  
  28  2:21  Drone  
  28  2:22  Drone  
  30  2:34  Hatchery  
  29  2:38  Drone x2  
  29  2:44  Overlord  
  31  2:46  Zergling x2  
  32  2:51  Queen  
  32  2:54  Zergling x2  
  32  2:57  Zergling x2  
  36  3:04  Zergling x2  
  37  3:09  Overlord  
  37  3:11  Drone x2  
  39  3:14  Drone  
  40  3:24  Spore Crawler  
  38  3:27  Evolution Chamber  
  38  3:28  Queen  
  38  3:29  Drone x2  
  36  3:46  Drone x4  
  40  3:48  Evolution Chamber  
  40  3:49  Drone x2  
  40  3:52  Drone x2  
  40  3:55  Drone  
  44  4:00  Zergling x4  
  46  4:04  Zergling x4  
  46  4:06  Zergling x2  
  48  4:11  Overlord  
  48  4:15  Zergling x4  
  49  4:17  Zerg Melee Weapons Level 1  
  49  4:22  Drone x3  
  52  4:25  Drone x2  
  54  4:32  Drone  
  54  4:33  Drone x3  
  54  4:35  Drone  
  59  4:39  Overlord  
  59  4:42  Zergling x6  
  61  4:50  Zergling x6  
  61  4:52  Zergling x2  
  63  4:56  Zergling x4  
  61  5:04  Zergling x2, Queen  
  61  5:05  Zergling x4  
  65  5:08  Baneling Nest  
  65  5:10  Zergling x2  
  65  5:11  Zergling x4  
  67  5:16  Zergling x4  
  67  5:20  Queen  
  67  5:21  Overlord  
  71  5:26  Zergling x4  
  72  5:32  Zergling x2  
  69  5:39  Zergling x8  
  69  5:40  Zergling x6  
  74  5:48  Drone x5  
  77  5:56  Hatchery, Drone, Lair  
  76  6:01  Drone x2  
  76  6:08  Drone, Hatchery  
  76  6:10  Overlord  
  75  6:11  Drone  
  75  6:16  Drone x3  
  78  6:20  Drone x3  
  78  6:21  Overlord  
  78  6:25  Overlord  
  80  6:27  Drone x2  
  80  6:29  Drone x2  
  80  6:31  Drone x2  
  84  6:35  Drone x2  
  84  6:39  Overlord  
  86  6:41  Zergling x8  
  88  6:47  Zergling x4  
  88  6:50  Zergling x4  
  88  6:53  Zergling x4  
  88  7:00  Zergling x2, Queen  
  88  7:01  Queen, Zergling x8  
  90  7:02  Spore Crawler  
  90  7:04  Extractor  
  90  7:05  Drone  
  90  7:06  Zergling x2  
  90  7:07  Zergling x4  
  93  7:11  Zergling x4  
  93  7:13  Queen  
  96  7:19  Zergling x14  
  96  7:22  Overlord  
  103  7:26  Zergling x2  
  101  7:30  Zergling x12  
  101  7:35  Zergling x6  
  101  7:36  Queen  
  107  7:38  Queen  
  107  7:39  Zergling x4  
  108  7:45  Zergling x12  
  108  7:50  Zergling x2  
  113  7:54  Zergling x8  
  117  7:59  Hydralisk Den  
  117  8:00  Drone x4  
  117  8:01  Drone  
  117  8:02  Drone  
  117  8:04  Overlord  
  122  8:08  Zergling x8  
  123  8:13  Zergling x4  
  123  8:15  Hatchery  
  123  8:18  Baneling  
  123  8:19  Baneling x19  
  122  8:20  Zergling x4  
  122  8:23  Overlord  
  122  8:24  Zergling x2  
  124  8:28  Overlord  
  124  8:30  Zergling x4, Overlord  
  125  8:35  Overlord x3  
  125  8:40  Baneling x4  
  125  8:47  Overlord  
  126  8:48  Zergling x2  
  126  8:53  Zergling x30  
  140  8:56  Zergling x4  
Show
View Real Time Build Order
Export as new Build Order

HolyHit Protoss 

Build Orders: 1 Gate Expand, Oracle Opening 

Get SALT Encoding   

  12  0:00  Probe  
  13  0:12  Probe  
  14  0:17  Pylon  
  14  0:24  Probe (Chrono Boost)  
  15  0:36  Probe (Chrono Boost)  
  15  0:38  Gateway  
  16  0:45  Probe (Chrono Boost)  
  16  0:46  Assimilator  
  17  0:51  Probe  
  18  1:03  Probe  
  19  1:15  Probe  
  20  1:24  Nexus  
  20  1:34  Cybernetics Core  
  20  1:36  Probe  
  21  1:41  Assimilator  
  21  1:48  Probe  
  21  1:50  Pylon  
  22  2:00  Probe  
  23  2:07  Adept (Chrono Boost)  
  23  2:12  Probe  
  26  2:22  Stargate  
  26  2:25  Probe  
  26  2:27  Adept (Chrono Boost)  
  27  2:37  Probe x2  
  29  2:41  Warp Gate  
  30  2:49  Probe x2  
  30  2:50  Stalker  
  34  3:01  Probe x2  
  36  3:09  Oracle (Chrono Boost)  
  36  3:10  Gateway  
  39  3:13  Probe  
  39  3:14  Probe  
  41  3:25  Probe  
  41  3:26  Probe  
  42  3:37  Probe  
  42  3:38  Oracle (Chrono Boost), Probe  
  45  3:43  Pylon  
  43  3:49  Probe  
  43  3:50  Probe  
  45  4:01  Probe  
  45  4:02  Twilight Council, Probe  
  47  4:08  Nexus  
  47  4:13  Probe  
  47  4:14  Pylon  
  48  4:17  Probe  
  48  4:19  Assimilator  
  48  4:21  Assimilator  
  49  4:25  Probe  
  49  4:30  Blink (Chrono Boost)  
  50  4:33  Adept  
  50  4:34  Adept  
  54  4:39  Probe  
  54  4:41  Probe  
  56  4:51  Probe  
  57  4:53  Probe  
  57  4:58  Adept x2  
  59  5:02  Oracle (Chrono Boost), Gateway  
  59  5:03  Probe  
  59  5:05  Gateway  
  61  5:09  Probe  
  62  5:17  Gateway  
  62  5:20  Probe  
  63  5:21  Gateway  
  63  5:27  Probe  
  64  5:30  Stalker  
  64  5:34  Pylon  
  64  5:35  Stalker  
  65  5:40  Pylon  
  58  5:43  Probe  
  58  5:45  Probe  
  58  5:49  Probe  
  59  5:50  Shield Battery  
  59  5:54  Stalker  
  59  5:55  Gateway  
  62  6:00  Stalker  
  62  6:02  Stalker  
  65  6:05  Stalker  
  65  6:10  Probe  
  65  6:11  Probe  
  69  6:16  Pylon  
  69  6:17  Pylon  
  68  6:30  Pylon  
  68  6:32  Pylon  
  68  6:35  Stalker x3  
  74  6:40  Stalker x2  
  78  6:51  Stalker x2  
  78  6:54  Probe  
  75  7:02  Stalker x3  
  78  7:12  Stalker x2  
  82  7:21  Stalker  
  82  7:22  Stalker  
  70  7:45  Stalker x4  
  78  7:52  Probe x2  
  78  7:55  Stalker x3  
  75  8:12  Stalker  
  75  8:13  Stalker x3  
  82  8:23  Stalker x2  
  86  8:30  Probe  
  86  8:38  Stalker x4, Pylon  
  86  8:39  Pylon  
  94  8:41  Pylon  
  94  8:47  Nexus  
  94  8:57  Stalker x2  
  94  9:00  Stalker  
  80  9:10  Pylon  
  80  9:11  Pylon  
  80  9:13  Pylon  
Tags
 
Add a new tag
Caveats
  • Supply blocks, unpowered buildings, or Contaminate may cause inaccurate times.
  • Supply counts are checked every 10 seconds.